 Dungeon Crawl Stone Soup version 0.28.0 (webtiles) character file.

Game seed: 17230822748703880356

727 mortz the Conjurer (level 8, -2/53 HPs)
             Began as a Human Conjurer on Feb 15, 2022.
             Was an Initiate of Vehumet.
             Slain by a black bear (5 damage)
             ... on level 5 of the Dungeon.
             The game lasted 00:53:17 (6093 turns).

mortz the Conjurer (Human Conjurer)                 Turns: 6093, Time: 00:53:21

Health: -2/53      AC:  4    Str:  8    XL:     8   Next: 3%
Magic:  6/23       EV: 12    Int: 20    God:    Vehumet [......]
Gold:   214        SH:  0    Dex: 12    Spells: 12/15 levels left

rFire   + . .      SeeInvis .   o - +1 dagger (venom)
rCold   . . .      Faith    .   (no shield)
rNeg    . . .      Spirit   .   k - +0 leather armour
rPois   .          Reflect  .   (no helmet)
rElec   .          Harm     .   (no cloak)
rCorr   .          Rampage  .   (no gloves)
Will    .....                   h - +0 pair of boots
Stlth   ++........              (no amulet)
HPRegen 0.17/turn               a - ring of magical power
MPRegen 0.18/turn               e - ring of protection from fire

@: no status effects
A: no striking features
a: Renounce Religion


You were on level 5 of the Dungeon.
You worshipped Vehumet.
Vehumet was noncommittal.
You visited 2 branches of the dungeon, and saw 6 of its levels.

You collected 214 gold pieces.

Inventory:

Hand Weapons
 d - a +0 dagger of draining
 o - a +1 dagger of venom (weapon)
 q - a +0 trident
Armour
 h - a +0 pair of boots (worn)
 k - a +0 leather armour (worn)
Jewellery
 a - a ring of magical power (left hand)
 e - a ring of protection from fire (right hand)
 j - a ring of fire
Wands
 t - a wand of iceblast (8)
Scrolls
 c - 2 scrolls of teleportation {unknown}
 g - 2 scrolls of amnesia {unknown}
 l - 4 scrolls of identify {unknown}
 m - a scroll of blinking {unknown}
 n - a scroll of fog {unknown}
Potions
 b - a potion of brilliance {unknown}
 f - 2 potions of heal wounds {unknown}
 i - 3 potions of curing {unknown}
 p - a potion of might {unknown}
 r - a potion of degeneration {unknown}
 s - a potion of invisibility {unknown}


   Skills:
 + Level 0.9 Fighting
 + Level 1.0 Short Blades
 + Level 3.5 Armour
 + Level 2.8 Dodging
 + Level 2.4 Stealth
 + Level 4.2 Spellcasting
 + Level 6.4 Conjurations


You had 12 spell levels left.
You knew the following spells:

 Your Spells              Type           Power      Damage    Failure   Level
a - Magic Dart            Conj           100%       1d8       1%          1
b - Searing Ray           Conj           60%        2d6       1%          2

Your spell library contained the following spells:

 Spells                   Type           Power      Damage    Failure   Level
 Dazzling Flash           Conj/Hex       34%        N/A       14%         3
 Fulminant Prism          Conj/Hex       8%         3d7       43%         4
 Iskenderun's Mystic Bla  Conj/Tloc      17%        2d5       43%         4
 Inner Flame              Hex/Fire       4%         N/A       47%         3
 Cause Fear               Hex            2%         N/A       87%         4
 Alistair's Intoxication  Tmut/Pois      2%         N/A       99%         5
 Borgnjor's Vile Clutch   Necr/Erth      2%         N/A       99%         5
 Eringya's Noxious Bog    Tmut/Pois      2%         N/A       100%        6
 Discord                  Hex            2%         N/A       100%        8


Dungeon Overview and Level Annotations

Branches:
Dungeon (5/15)             Temple (1/1) D:4

Altars:
Cheibriados
Dithmenos
Elyvilon
Gozag
Hepliaklqana
Kikubaaqudgha
Makhleb
Nemelex Xobeh
Okawaru
Qazlal
Sif Muna
Uskayaw
Vehumet
Wu Jian
Xom
Yredelemnul
Zin
The Shining One


Message History

The searing ray hits the black bear.
The black bear is heavily wounded.
The black bear bites you but does no damage.
The black bear claws you. The black bear closely misses you.
Without enough magic to sustain it, your searing ray dissipates.
The black bear closely misses you. x2; The black bear misses you.
You hit the black bear but do no damage.
The black bear is poisoned.
The black bear is heavily wounded.
The black bear closely misses you. x3
You barely miss the black bear.
The black bear is severely wounded.
You completely miss the black bear.
The black bear is severely wounded.
The black bear bites you. The black bear closely misses you.
The black bear misses you.
You hit the black bear.
The black bear is severely wounded.
The black bear looks more healthy.
The black bear goes berserk!
You hit the black bear.
The black bear is poisoned.
The black bear is almost dead.
The black bear bites you.
The black bear claws you but does no damage.
The black bear barely misses you. The black bear bites you.
The black bear claws you but does no damage.
The black bear barely misses you. The black bear bites you!
The black bear claws you. x2
The black bear barely misses you. The black bear completely misses you.
The black bear claws you. The black bear bites you. The black bear claws you.
* * * LOW HITPOINT WARNING * * *
The black bear claws you.
* * * LOW HITPOINT WARNING * * *
You hit the black bear.
The black bear looks even sicker.
You punch the black bear, but do no damage.
The black bear is almost dead.
The black bear bites you!
* * * LOW HITPOINT WARNING * * *
The black bear claws you.
You die...

..........
.<......#
........#
........+
........#
#######...
##################
...............h.#
........########@#
...............#.#
.........#####.#.#
####...#.# #.....#
# #...#.# #.#.###
## #...#.###.#.#
.# #...'.#...#.#
.# #...###.###.#
.# ###.#
#.#.#.#######


You could see a black bear (berserk, very poisoned).

Vanquished Creatures
  A black bear (D:5)
  A necrophage (D:5)
  A water moccasin zombie (D:5)
  2 water moccasin skeletons
  A bullfrog zombie (D:5)
  A hound (D:4)
  A bullfrog skeleton (D:5)
  An orc priest (D:3)
  A jelly (D:4)
  An orc wizard (D:3)
  A hound skeleton (D:2)
  3 gnolls (D:4)
  4 adders
  A white imp (D:4)
  An adder skeleton (D:4)
  7 dart slugs
  10 orcs
  7 bats
  7 endoplasms
  3 giant cockroaches
  5 goblins
  5 hobgoblins
  13 jackals
  8 quokkas
  14 ball pythons
  6 frilled lizards
  11 kobolds
  9 rats
126 creatures vanquished.

Notes
Turn   | Place    | Note
-------+----------+-------------------------------------------
     0 | D:1      | mortz the Human Conjurer began the quest for the Orb.
     0 | D:1      | Reached XP level 1. HP: 13/13 MP: 3/3
   508 | D:1      | Reached XP level 2. HP: 19/19 MP: 0/5
  1266 | D:1      | Reached XP level 3. HP: 22/24 MP: 2/6
  2141 | D:2      | Reached XP level 4. HP: 20/30 MP: 0/7
  2466 | D:2      | Found a faded altar of an unknown god.
  3381 | D:3      | Reached skill level 5 in Conjurations
  3381 | D:3      | Reached XP level 5. HP: 29/36 MP: 9/9
  3643 | D:3      | Learned a level 2 spell: Searing Ray
  3673 | D:3      | Reached skill level 1 in Armour
  4395 | D:4      | Found a sparkling altar of Nemelex Xobeh.
  4405 | D:4      | Reached XP level 6. HP: 42/42 MP: 10/10
  5089 | D:4      | Found a staircase to the Ecumenical Temple.
  5103 | Temple   | Entered the Ecumenical Temple
  5133 | Temple   | Became a worshipper of Vehumet
  5195 | D:4      | You fall into a shaft and drop 1 floor!
  5195 | D:5      | Entered Level 5 of the Dungeon
  5289 | D:4      | Reached skill level 1 in Short Blades
  5416 | D:4      | Reached XP level 7. HP: 47/47 MP: 11/11
  5635 | D:5      | Found a white marble altar of Elyvilon.
  5706 | D:5      | Reached skill level 6 in Conjurations
  6059 | D:5      | Reached XP level 8. HP: 53/53 MP: 5/14
  6093 | D:5      | Slain by a black bear

Illustrated notes

Levels and vault maps discovered:
D:1:      dpeg_arrival_rooms_a, layout_basic
D:2:      layout_loops_ring, ebering_ecumenical_altar_sacrificial,
          grunt_ministairs_3
D:3:      minmay_chambers_of_threes, layout_basic
D:4:      layout_rooms, mainiacjoe_overflow_concentric_impassable,
          minmay_temple_entry_tees, serial_rivers,
          chequers_serial_rivers_small_a, chequers_serial_rivers_small_b,
          chequers_serial_rivers_micro_a, chequers_serial_rivers_small_a,
          saegor_snake_ambush
D:5:      layout_basic, mainiacjoe_overflow_small_starburst,
          trog_ov_bears_minmay, hellmonk_bongcloud_opening
Temple:   lightli_temple_of_artemis

Skill      XL: |  1  2  3  4  5  6  7 |
---------------+----------------------+-----
Conjurations   | 5 6 |  6.4
Armour         | 1 2 3 |  3.5
Spellcasting   | 3 4 |  4.2
Short Blades   | 1 |  1.0
Fighting       | |  0.9
Dodging        | |  2.8
Stealth        | |  2.4

Action                   |  1- 3 |  4- 6 |  7- 9 || total
-------------------------+-------+-------+-------++-------
Melee: Unarmed           |    19 |       |       ||    19
       Mace              |     1 |       |       ||     1
       Short sword       |    18 |    24 |       ||    42
       Dagger            |       |     4 |     6 ||    10
       Punch             |       |       |     1 ||     1
 Cast: Magic Dart        |    71 |   138 |    17 ||   226
       Searing Ray       |       |    13 |    11 ||    24
Armor: Robe              |     4 |       |       ||     4
       Leather armour    |     1 |    10 |     6 ||    17
Dodge: Dodged            |    29 |    32 |    17 ||    78
